 Dungeon Crawl Stone Soup version 0.29.1-2-gbd0b4ee654 (webtiles) character file.

Game seed: 16395596672063176337

56056 kingsuperguy the Severer (level 14, -18/133 HPs)
             Began as a Minotaur Berserker on Nov 27, 2022.
             Was the Champion of Trog.
             Demolished by an orc warrior
             ... wielding a +2 mace of distortion
              (23 damage)
             ... on level 2 of the Orcish Mines.
             The game lasted 00:44:21 (21981 turns).

kingsuperguy the Severer (Minotaur Berserker)      Turns: 21981, Time: 00:44:23

Health: -18/133    AC: 14    Str: 28    XL:     14   Next: 40%
Magic:  13/13      EV: 18    Int:  4    God:    Trog [******]
Gold:   1627       SH:  0    Dex: 23    Spells: 13/13 levels left

rFire   . . .      SeeInvis .   Y - +0 battleaxe (drain)
rCold   . . .      Faith    .   (shield currently unavailable)
rNeg    + . .      Spirit   .   S - +0 acid dragon scales
rPois   .          Reflect  .   (helmet restricted)
rElec   .          Harm     .   X - +1 cloak of Autumn {Will++ Slay+2 Stlth+}
rCorr   +          Rampage  .   N - +2 pair of gloves of Unnoih {rN+ Dex+8 Slay+2 Stlth-}
Will    +++..                   (no boots)
Stlth   +++.......              (no amulet)
HPRegen 0.32/turn               A - +4 ring of slaying
MPRegen 0.13/turn               w - +6 ring of dexterity

@: on berserk cooldown, slowed, very slow
A: horns 2, retaliatory headbutt
a: Renounce Religion, Berserk, Trog's Hand, Brothers in Arms


You were on level 2 of the Orcish Mines.
You worshipped Trog.
Trog was exalted by your worship.
You visited 3 branches of the dungeon, and saw 18 of its levels.
You also visited: Ossuary.

You collected 1627 gold pieces.

Inventory:

Hand Weapons
 b - a +0 bardiche
 d - a +2 vorpal great mace
 q - a +2 vampiric hand axe
 v - a +1 halberd of freezing
 O - a +2 vorpal glaive
 P - a +1 whip of electrocution
 R - a +0 broad axe
 Y - a +0 battleaxe of draining (weapon)
 Z - a +4 dire flail
Missiles
 y - a throwing net (quivered)
 M - 5 atropa-tipped darts
Armour
 a - a scarf of repulsion
 j - an orb of light
 N - the +2 pair of gloves of Unnoih (worn) {rN+ Dex+8 Slay+2 Stlth-}
   (You found it on level 9 of the Dungeon)

   Dex:       It affects your dexterity (+8).
   Slay:      It affects your accuracy & damage with ranged weapons and melee
   (+2).
   rN:        It protects you from negative energy.
   Stlth:     It makes you less stealthy.
 S - +0 acid dragon scales (worn)
 X - the +1 cloak of Autumn (worn) {Will++ Slay+2 Stlth+}
   (You found it on level 3 of the Lair of Beasts)

   Slay:      It affects your accuracy & damage with ranged weapons and melee
   (+2).
   Will:      It greatly increases your willpower.
   Stlth:     It makes you more stealthy.
Jewellery
 i - a ring of flight
 w - a +6 ring of dexterity (right hand)
 A - a +4 ring of slaying (left hand)
 B - a ring of resist corrosion
 D - an amulet of magic regeneration
 I - a ring of fire
 V - a ring of protection from cold
Wands
 m - a wand of flame (18)
 E - a wand of quicksilver (16)
 K - a wand of polymorph (18)
 L - a wand of iceblast (41)
 Q - a wand of charming (12)
Scrolls
 c - 2 scrolls of silence
 f - 2 scrolls of magic mapping
 g - 2 scrolls of enchant weapon {unknown}
 h - 3 scrolls of fear
 k - 2 scrolls of vulnerability {unknown}
 l - 5 scrolls of teleportation
 o - 7 scrolls of enchant armour
 s - a scroll of butterflies {unknown}
 z - 2 scrolls of acquirement {unknown}
 C - 6 scrolls of poison
 W - a scroll of blinking {unknown}
Potions
 e - a potion of berserk rage {unknown}
 n - a potion of degeneration {unknown}
 p - 5 potions of magic
 r - 11 potions of curing
 t - 5 potions of heal wounds
 u - 5 potions of lignification
 x - a potion of brilliance {unknown}
 F - 2 potions of mutation
 G - 4 potions of invisibility
 J - 4 potions of might
 T - a potion of attraction {unknown}
 U - 3 potions of haste
Miscellaneous
 H - a phantom mirror


   Skills:
 + Level 14.3 Fighting
 + Level 20.1(20.9) Axes
 + Level 8.3(15.4) Maces & Flails
 + Level 5.1(14.1) Polearms
 + Level 10.8 Armour
 + Level 8.8 Dodging
 + Level 5.0 Stealth


You had 13 spell levels left.
You didn't know any spells.
Your spell library was empty.

Dungeon Overview and Level Annotations

Branches:
Dungeon (11/15)            Temple (0/1) D:4            Lair (5/5) D:11
 Shoals (0/4) Lair:2       Spider (0/4) Lair:2        Slime (0/5) Lair:5
    Orc (2/2) D:10        Ossuary (visited)
    Elf: Orc:2

Altars:
Ashenzari
Hepliaklqana
Kikubaaqudgha
Makhleb
Trog
Uskayaw
Xom
Yredelemnul
Zin

Annotations:
D:7 2 transporters, Jingleheimer's ghost, novice TrFi


Innate Abilities, Weirdness & Mutations

You have a pair of horns on your head.
You reflexively headbutt those who attack you in melee.


Message History

The orc warrior shoots a bolt.
The bolt hits you!
* * * LOW HITPOINT WARNING * * *
Items here: ))))).
You feel a strong urge to attack something.
You are no longer berserk.
You are exhausted.
You feel yourself slow down.
Found a roughly hewn altar of Beogh.
The orc knight roars a battlecry!
The orc warrior goes into a battle-frenzy!
An orc warrior comes into view. It is wielding a +0 arbalest.
You hear a shout!
Found 14 gold pieces.
The orc warrior no longer looks unusually strong. x2
The orc warrior no longer looks unusually strong.
The orc warrior shoots a bolt.
The bolt misses you. The orc warrior misses you.
The orc knight roars a battlecry!
The orc warriors go into a battle-frenzy!
The orc warrior attacks as you move away!
The orc warrior closely misses you.
The orc warrior shoots a bolt.
The bolt hits you.
* * * LOW HITPOINT WARNING * * *
The orc warrior throws a boomerang.
The boomerang completely misses you.
The orc warrior attacks as you move away!
The orc warrior completely misses you. You furiously retaliate!
You headbutt the orc warrior!
A troll comes into view.
The orc warrior hits you with a +2 mace of distortion!
* * * LOW HITPOINT WARNING * * *
Space warps around you.
* * * LOW HITPOINT WARNING * * *
There is a stone staircase leading up here.
The orc warrior no longer looks unusually strong.
The orc warrior barely misses you. The orc warrior completely misses you.
You furiously retaliate!
You headbutt the orc warrior! The orc warrior closely misses you.
The orc warrior misses you.
The orc warrior hits you with a +2 mace of distortion!!
* * * LOW HITPOINT WARNING * * *
Space warps horribly around you!!
You die...

##........... ... ...
#............
....#..##...._.......
.....#...#............
........................
o................$......
≈≈.o...#................
≈......#..o.oooo@.......
...............oo.......
.......#..............T.
...)))##................
.##).##........#........
...o)).......#.#........
.....).)................
##.......)..............
#......)..............


You could see an orc knight, a troll (asleep) and 6 orc warriors.

Vanquished Creatures
  8 hydras
  3 boulder beetles
  2 two-headed ogres
  A lindwurm (Lair:3)
  5 orc knights
  2 orc sorcerers (Orc:1)
  A cyclops (D:9)
  11 elephants
  23 cane toads
  Maurice (D:8)
  3 black mambas
  Maggie (D:6)
  An unseen horror (shapeshifter) (D:9)
  4 komodo dragons
  2 rime drakes
  4 trolls
  2 polar bears
  2 tyrant leeches (Lair:5)
  Grinder (D:6)
  Prince Ribbit (D:9)
  29 blink frogs
  4 dream sheep (Lair:5)
  A jumping spider (Lair:2)
  3 shadows
  54 yaks
  3 wraiths
  3 wyverns
  4 basilisks
  2 redbacks (Lair:2)
  4 vampire mosquitoes (Lair:5)
  11 water moccasins
  5 wargs
  3 acid dragons (D:11)
  23 orc warriors
  2 black bears
  3 ogres
  27 wolves
  9 centaurs
  2 phantoms (D:10)
  3 elf zombies (Ossuary)
  2 kobold brigands
  A gnoll sergeant (D:9)
  A necrophage (D:5)
  18 bullfrogs
  2 scorpions
  12 wights
  13 killer bees
  5 howler monkeys
  A crimson imp (D:8)
  2 jellies
  10 orc priests
  A gnoll bouda (D:7)
  3 hounds
  4 iguanas
  9 orc wizards
  6 hell rats (Lair:3)
  8 ogre zombies (D:10)
  2 mummies (Ossuary)
  6 gnolls
  7 adders
  A white imp (D:6)
  2 ufetubi
  A worm (D:2)
  2 dart slugs
  61 orcs
  12 bats
  6 endoplasms
  2 giant cockroaches
  7 hobgoblins
  2 quokkas (D:3)
  4 ball pythons
  4 frilled lizards
  5 gnoll zombies (Ossuary)
  12 goblins
  3 goblin skeletons (D:10)
  5 goblin zombies
  2 hobgoblin zombies
  11 kobolds
  4 orc skeletons (D:10)
  17 orc zombies
  3 rats
  A bush (D:1)
  A plant (Lair:3)
554 creatures vanquished.

Vanquished Creatures (collateral kills)
  A gnoll (D:9)
1 creature vanquished.

Vanquished Creatures (others)
  39 fungi
  80 plants
119 creatures vanquished.

Grand Total: 674 creatures vanquished

Notes
Turn   | Place    | Note
-------+----------+-------------------------------------------
     0 | D:1      | kingsuperguy the Minotaur Berserker began the quest for the
                  | Orb.
     0 | D:1      | Reached XP level 1. HP: 19/19 MP: 0/0
    54 | D:1      | Noticed a floating eye
    56 | D:1      | Found a faded altar of an unknown god.
    58 | D:1      | Noticed a shining eye
    58 | D:1      | Noticed a floating eye
    58 | D:1      | Noticed a great orb of eyes
   256 | D:1      | Reached XP level 2. HP: 22/27 MP: 1/1
   381 | D:1      | Reached skill level 4 in Axes
  1226 | D:2      | Reached XP level 3. HP: 24/33 MP: 2/2
  1388 | D:2      | Reached ** piety under Trog
  2201 | D:3      | Reached XP level 4. HP: 28/41 MP: 3/3
  2386 | D:3      | Identified the +1 helmet "Gouth" {Harm rElec MP+9 Int-5}
  2549 | D:3      | Reached skill level 5 in Axes
  2766 | D:3      | Found a broken altar of Ashenzari.
  2821 | D:3      | Noticed a bullfrog
  2826 | D:3      | Killed a bullfrog
  2827 | D:3      | Reached XP level 5. HP: 47/47 MP: 4/4
  3084 | D:4      | Found a staircase to the Ecumenical Temple.
  3237 | D:4      | Noticed an ogre
  3244 | D:4      | Killed an ogre
  3245 | D:4      | Reached skill level 6 in Axes
  3245 | D:4      | Reached XP level 6. HP: 44/55 MP: 5/5
  3637 | D:4      | Found a hazy altar of Hepliaklqana.
  3793 | D:4      | Reached *** piety under Trog
  3844 | D:4      | Reached skill level 5 in Fighting
  4247 | D:5      | Entered Level 5 of the Dungeon
  4288 | D:5      | Reached skill level 5 in Armour
  4356 | D:5      | Reached XP level 7. HP: 13/61 MP: 6/6
  4430 | D:5      | Found a sand-covered staircase.
  4439 | Ossuary  | Entered an ossuary
  4607 | Ossuary  | Reached skill level 7 in Axes
  5660 | D:6      | Noticed Grinder
  5666 | D:6      | Killed Grinder
  5667 | D:6      | Reached skill level 8 in Axes
  5667 | D:6      | Reached XP level 8. HP: 67/70 MP: 7/7
  6275 | D:6      | Reached skill level 9 in Axes
  6514 | D:6      | Reached skill level 1 in Polearms
  6533 | D:6      | Found a hide-covered altar of Uskayaw.
  6534 | D:6      | Found a bloodstained altar of Trog.
  6534 | D:6      | Found an ancient bone altar of Kikubaaqudgha.
  6748 | D:6      | Noticed Maggie
  6756 | D:6      | Killed Maggie
  7198 | D:7      | Reached XP level 9. HP: 78/78 MP: 8/8
  7226 | D:7      | Noticed Jingleheimer's ghost (novice TrFi)
  7527 | D:7      | Reached skill level 5 in Polearms
  7693 | D:7      | Reached skill level 10 in Axes
  8047 | D:7      | Found a transporter.
  8057 | D:7      | Found a transporter.
  8126 | D:8      | Reached **** piety under Trog
  8483 | D:8      | Noticed a two-headed ogre
  8491 | D:8      | Killed a two-headed ogre
  8492 | D:8      | Reached skill level 11 in Axes
  8492 | D:8      | Reached skill level 1 in Stealth
  8774 | D:8      | Identified the +3 mace of Vengeance {flame, rElec Dex+4}
  8855 | D:8      | Found a burning altar of Makhleb.
  8855 | D:8      | Found a shimmering altar of Xom.
  8855 | D:8      | Noticed Maurice
  8869 | D:8      | Killed Maurice
  8870 | D:8      | Reached XP level 10. HP: 88/88 MP: 9/9
  9438 | D:9      | Noticed a cyclops
  9445 | D:9      | Killed a cyclops
  9446 | D:9      | Reached skill level 12 in Axes
  9946 | D:9      | Reached skill level 5 in Dodging
  9954 | D:9      | Noticed Prince Ribbit
  9965 | D:9      | Killed Prince Ribbit
 10418 | D:9      | Found a basalt altar of Yredelemnul.
 10791 | D:9      | Identified the +2 pair of gloves of Unnoih {rN+ Dex+8
                  | Slay+2 Stlth-}
 10846 | D:9      | Reached skill level 13 in Axes
 11373 | D:10     | Entered Level 10 of the Dungeon
 11553 | D:10     | Found a staircase to the Orcish Mines.
 11592 | D:10     | Reached XP level 11. HP: 76/97 MP: 10/10
 11769 | D:10     | Reached skill level 14 in Axes
 11963 | D:10     | Found a glowing silver altar of Zin.
 12663 | D:11     | Reached ***** piety under Trog
 12914 | D:11     | Found a staircase to the Lair.
 12995 | D:11     | Noticed a boulder beetle
 13025 | D:11     | Killed a boulder beetle
 13026 | D:11     | Reached skill level 10 in Fighting
 13026 | D:11     | Reached skill level 15 in Axes
 13401 | Lair:1   | Entered Level 1 of the Lair of Beasts
 13451 | Lair:1   | Noticed a six-headed hydra
 13462 | Lair:1   | Killed a six-headed hydra
 13706 | Lair:1   | Reached skill level 1 in Maces & Flails
 14093 | Lair:1   | Noticed a five-headed hydra
 14100 | Lair:1   | Killed a five-headed hydra
 14877 | Lair:2   | Reached skill level 5 in Maces & Flails
 14877 | Lair:2   | Reached XP level 12. HP: 95/108 MP: 11/11
 15178 | Lair:2   | Found a hole to the Spider Nest.
 15480 | Lair:2   | Found a staircase to the Shoals.
 16015 | Lair:3   | Reached skill level 16 in Axes
 16429 | Lair:3   | Reached skill level 17 in Axes
 16713 | Lair:3   | Reached skill level 10 in Armour
 16823 | Lair:3   | Noticed a four-headed hydra
 16834 | Lair:3   | Killed a four-headed hydra
 16835 | Lair:3   | Reached skill level 18 in Axes
 16847 | Lair:3   | Noticed a five-headed hydra
 16856 | Lair:3   | Killed a five-headed hydra
 16857 | Lair:3   | Reached XP level 13. HP: 76/119 MP: 12/12
 17159 | Lair:3   | Identified the +1 cloak of Autumn {Will++ Slay+2 Stlth+}
 17698 | Lair:4   | Reached ****** piety under Trog
 17857 | Lair:4   | Received a gift from Trog
 19108 | Lair:5   | Entered Level 5 of the Lair of Beasts
 19238 | Lair:5   | Reached skill level 19 in Axes
 20064 | Lair:5   | Found a staircase to the Slime Pits.
 20071 | Lair:5   | Received a gift from Trog
 20078 | Lair:5   | Reached XP level 14. HP: 108/130 MP: 13/13
 21035 | Orc:1    | Entered Level 1 of the Orcish Mines
 21413 | Orc:1    | Reached skill level 5 in Stealth
 21923 | Orc:2    | Entered Level 2 of the Orcish Mines
 21931 | Orc:2    | Reached skill level 20 in Axes
 21981 | Orc:2    | HP: 5/133 [orc warrior/+2 mace of distortion (19)]
 21981 | Orc:2    | Demolished by an orc warrior

Illustrated notes

Levels and vault maps discovered:
D:1:      dpeg_arrival_erosion, layout_loops_ring,
          hellmonk_ecumenical_altar_watching_god, minmay_hedge_maze
D:2:      layout_basic, grunt_decor_clamped, minmay_cut_off
D:3:      layout_rooms, mainiacjoe_overflow_24_doors, dk_noncrumbling_2,
          minmay_misc_feat_tiny, mrwooster_statue_mirror
D:4:      layout_loops_corners, nicolae_hepliaklqana_hazy_memory,
          minmay_temple_entry_arrows
D:5:      layout_basic, enter_ossuary_1, kennysheep_nondescript
D:6:      layout_basic, chequers_temple_overflow_statue_of_worship,
          uniq_grinder, uniq_maggie
D:7:      layout_layer_cave, gammafunk_ghost_arena, minmay_misc_feat_diagonals,
          hangedman_abyss_or_decor_stagger
D:8:      layout_cave_pools, grunt_temple_overflow_champion_of_chaos,
          uniq_maurice
D:9:      minmay_opposing_rooms, layout_basic, kennysheep_mini,
          uniq_prince_ribbit1
D:10:     layout_loops_corners, zin_academy, zombieorc2_lemuel
D:11:     layout_basic, erik_lair_orcish_takeover, fungi_pond_lemuel
Lair:1:   layout_long_grid, grunt_megastairs_5
Lair:2:   layout_chaotic_city, elwin_shoals_entry_rocks, spider_nest_entry_a,
          st_stairs_8
Lair:3:   layout_chaotic_city, hangedman_lair_unloving_vines, grunt_megastairs_1
Lair:4:   layout_roguey, grunt_megastairs_4
Lair:5:   minmay_lair_end_frog_pond, layout_gridlike, slime_entry_1,
          portal_ice_cave_entry_pillars_1
Orc:1:    nicolae_orc_accident_3, layout_diamond_mine, uniq_snorg
Orc:2:    st_orc_rangers, layout_caves, basic_altar

Skill      XL: |  1  2  3  4  5  6  7  8  9 10 11 12 13 14 |
---------------+-------------------------------------------+-----
Fighting       | 4 5 6 8 9 10 12 13 14 | 14.3
Axes           | 4 5 6 8 9 11 13 15 18 19 20 | 20.1
Armour         | 3 4 5 6 7 8 9 10 | 10.8
Dodging        | 3 4 5 6 7 8 |  8.8
Polearms       | 3 5 |  5.1
Stealth        | 1 2 3 4 5 |  5.0
Maces & Flails | 5 7 8 |  8.3

Action                   |  1- 3 |  4- 6 |  7- 9 | 10-12 | 13-15 || total
-------------------------+-------+-------+-------+-------+-------++-------
Melee: Hand axe          |   175 |    81 |    72 |       |       ||   328
       Headbutt          |    40 |    16 |    42 |    94 |    80 ||   272
       Punch             |     3 |       |       |       |       ||     3
       Halberd           |       |       |    24 |       |       ||    24
       Broad axe         |       |       |    86 |    37 |       ||   123
       Battleaxe         |       |       |       |   309 |   237 ||   546
       Dire flail        |       |       |       |    56 |    50 ||   106
       Great mace        |       |       |       |       |    30 ||    30
Invok: Berserk           |       |     3 |     5 |     5 |     3 ||    16
       Trog's Hand       |       |       |     1 |       |       ||     1
  Use: Scroll            |       |       |       |    16 |     4 ||    20
       Potion            |       |       |       |     1 |       ||     1
 Stab: Invisible         |       |       |     3 |       |       ||     3
       Sleeping          |       |       |       |     2 |     3 ||     5
       Distracted        |       |       |       |     2 |     2 ||     4
Armor: Animal skin       |     4 |       |       |       |       ||     4
       Scale mail        |    44 |    22 |    59 |       |       ||   125
       Acid dragon scale |       |       |       |   148 |    76 ||   224
Dodge: Dodged            |    58 |    46 |   105 |   330 |   251 ||   790
